 Dungeon Crawl Stone Soup version 0.30-a0-358-g0d69a1922f (webtiles) character file.

Game seed: 2830333312022702371

37 jlumianski the Trooper (level 3, 0/29 HPs)
             Began as a Demonspawn Fighter on Nov 9, 2022.
             Slain by a worm (5 damage)
             ... on level 2 of the Dungeon.
             The game lasted 00:04:21 (862 turns).

jlumianski the Trooper (Demonspawn Fighter)          Turns: 862, Time: 00:04:21

Health: 0/29       AC:  6    Str: 18    XL:     3   Next: 23%
Magic:  3/3        EV:  9    Int:  9    God:
Gold:   29         SH:  4    Dex: 12    Spells: 2/2 levels left

rFire   . . .      SeeInvis .    a - +0 war axe
rCold   . . .      Faith    .    c - +0 buckler
rNeg    . . .      Spirit   .    b - +0 scale mail
rPois   .          Reflect  .    (helmet restricted)
rElec   .          Harm     .    (no cloak)
rCorr   .          Rampage  .    (no gloves)
Will    .....                    (no boots)
Stlth   ..........               (no amulet)
HPRegen 0.24/turn                (no ring)
MPRegen 0.08/turn                (no ring)

@: no status effects
A: antennae 1, ignite blood 1
a: no special abilities


You were on level 2 of the Dungeon.
You visited 1 branch of the dungeon, and saw 2 of its levels.

You collected 29 gold pieces.

Inventory:

Hand Weapons
 a - a +0 war axe (weapon)
 f - a +0 dagger
Missiles
 e - 14 stones
 g - 5 poisoned darts (quivered)
Armour
 b - a +0 scale mail (worn)
 c - a +0 buckler (worn)
Scrolls
 i - a scroll of noise {unknown}
 k - a scroll of magic mapping {unknown}
Potions
 d - a potion of might
 h - a potion of haste {unknown}
 j - a potion of lignification {unknown}
 l - a potion of berserk rage {unknown}


   Skills:
 + Level 3.3 Fighting
 + Level 2.2 Axes
 + Level 3.1 Armour
 + Level 3.0 Shields


You had 2 spell levels left.
You didn't know any spells.
Your spell library was empty.

Dungeon Overview and Level Annotations

Branches:
Dungeon (2/15)

Altars:

Shops:
D:2 :


Innate Abilities, Weirdness & Mutations

You have a pair of small antennae on your head.
Your demonic aura sometimes causes spilled blood to erupt in flames.


Message History

There is a stone staircase leading down here.
You climb downwards.
Found Qailich's Book Emporium.
There is a stone staircase leading up here.
Found 7 gold pieces.
There is an entrance to Qailich's Book Emporium here.
Found 2 scrolls labelled SUGUUDDAMAI and 12 gold pieces.
You now have 29 gold pieces (gained 7).
A worm comes into view.
Found a stone staircase leading up.
An adder comes into view.
The adder hisses angrily.
The adder attacks as you move away! The adder bites you but does no damage.
The adder closely misses you. The adder attacks as you move away!
The adder barely misses you. The adder bites you.
You are poisoned.
The adder poisons you!
You feel sick.
You closely miss the adder.
You feel sick. The adder bites you. The adder misses you.
You barely miss the adder.
You feel sick. The adder bites you. The adder closely misses you.
You hit the adder but do no damage.
You feel sick.
You are no longer poisoned.
The adder bites you.
You are poisoned.
The adder poisons you!
You slash the adder!
You kill the adder!
You feel sick.
You feel sick. The worm bites you.
* * * LOW HITPOINT WARNING * * *
You see here an adder corpse.
You hit the worm.
The worm is moderately wounded.
You feel sick.
You are no longer poisoned.
The worm bites you.
You die...

#.##....#w#
........#.#
#.##...$#w####
#....?.......#
#.<#.##.#.##.#
.....##.#
#.####.##.# #
#.##w# #.##@#
#.##.###
#.#..∩.#
#..#.# #.<#.#
####.# .# ##


You could see a worm.

Vanquished Creatures
  An adder (D:2)
  4 ball pythons (D:1)
  A bat (D:1)
  An endoplasm (D:1)
  A giant cockroach (D:1)
  3 goblins (D:1)
  4 hobgoblins (D:1)
  3 jackals (D:1)
  2 quokkas (D:1)
  A frilled lizard (D:1)
  2 kobolds (D:1)
  4 rats (D:1)
27 creatures vanquished.

Notes
Turn   | Place    | Note
-------+----------+-------------------------------------------
     0 | D:1      | jlumianski the Demonspawn Fighter began the quest for the
                  | Orb.
     0 | D:1      | Reached XP level 1. HP: 18/18 MP: 1/1
   226 | D:1      | Gained mutation: Your demonic aura sometimes causes spilled
                  | blood to erupt in flames. [demonic ancestry]
   226 | D:1      | Reached XP level 2. HP: 20/24 MP: 2/2
   817 | D:1      | Gained mutation: You have a pair of small antennae on your
                  | head. [demonic ancestry]
   817 | D:1      | Reached XP level 3. HP: 27/29 MP: 3/3
   828 | D:2      | Found Qailich's Book Emporium.
   862 | D:2      | Slain by a worm

Illustrated notes

Levels and vault maps discovered:
D:1:      dpeg_arrival_morbid_curiosity, layout_basic
D:2:      layout_basic, serial_shops, shop

Skill      XL: |  1  2 |
---------------+-------+-----
Armour         | 3 |  3.1
Shields        | 3 |  3.0
Axes           | 2 |  2.2
Fighting       | |  3.3

Action                   || total
-------------------------++-------
Melee: War axe           ||    72
Armor: Scale mail        ||    30
Dodge: Dodged            ||    39
Block: Buckler           ||    16

Table legend: (Time is in decaauts)
 A = Elapsed time spent in this place.
 B = Non-inter-level travel time spent in this place.
 C = Inter-level travel time spent in this place.
 D = Time resting spent in this place.
 E = Time spent auto-exploring this place.
 F = Levels seen in this place.
 G = Mean time per level.
                   A        B        C        D        E       F      G
               +--------+--------+--------+--------+--------+-----+--------+
         Total |    893 |    893 |      0 |      0 |    369 |   2 |  446.5 |
       Dungeon |    893 |    893 |      0 |      0 |    369 |   2 |  446.5 |
               +--------+--------+--------+--------+--------+-----+--------+

Top non-repeatable levels by time:
     D:1: 854 daAuts
     D:2: 39 daAuts
